 Dungeon Crawl Stone Soup version 0.31.0-11-ge490571c62 (webtiles) character file.

Game seed: 8664778983838036681

18424 qw the Nimble (level 12, 0/55 (60) HPs)
             Began as a Spriggan Hunter on Feb 4, 2024.
             Was a High Priest of Okawaru.
             Killed from afar by Josephine (8 damage)
             ... with a ghostly fireball
             ... on level 3 of the Lair of Beasts.
             The game lasted 00:00:58 (7902 turns).

qw the Nimble (Spriggan Hunter)                     Turns: 7902, Time: 00:00:58

HP:   0/55 (60)     AC:  6    Str:  7    XL:     12   Next: 27%
MP:   16/20         EV: 36    Int: 11    God:    Okawaru [*****.]
Gold: 396           SH:  0    Dex: 23    Spells: 11/11 levels left

rFire   + + +        k - +5 arbalest of Siecuff {drain, rPois}
rCold   + . .        (shield currently unavailable)
rNeg    . . .        a - +2 robe {rC+}
rPois   +            g - +2 hat
rElec   .            (no cloak)
rCorr   +            (gloves unavailable)
SInv    +            (boots unavailable)
Will    +....        e - amulet of regeneration
Stlth   ++           f - ring "Qucrek" {rPois rF+++ Will- rCorr}
HPRegen 1.09/turn    b - +5 ring of evasion
MPRegen 0.17/turn

%: no passive effects
@: about to teleport, finesse-ful, slowed, drained, quick
A: very small, no large weapons, unfitting armour, see invisible, speed 3
a: Renounce Religion, Heroism, Finesse, Duel


You were on level 3 of the Lair of Beasts.
You worshipped Okawaru.
Okawaru was extremely pleased with you.
You visited 3 branches of the dungeon, and saw 14 of its levels.
You also visited: Sewer.

You collected 737 gold pieces.
You spent 341 gold pieces at shops.


Innate Abilities, Weirdness & Mutations

You are very small and have problems with some larger weapons.
You are too small for most types of armour.
You have supernaturally acute eyesight. (SInv)
You cover ground extremely quickly. (Speed+++)


   Skills:
 - Level 5.3 Fighting
 + Level 13.8 Ranged Weapons
 - Level 14.0 Dodging
 - Level 1.5 Stealth
 + Level 9.6 Invocations


You had 11 spell levels left.
You didn't know any spells.
Your spell library was empty.

Inventory:

Hand Weapons
 d - a +3 arbalest of flaming
 k - the +5 arbalest of Siecuff (weapon) {drain, rPois}
   (Okawaru gifted it to you on level 2 of the Lair of Beasts)

   rPois:     It protects you from poison
Armour
 a - a +2 robe of cold resistance (worn)
 g - a +2 hat (worn)
 p - +0 swamp dragon scales
Jewellery
 b - a +5 ring of evasion (right hand)
 e - an amulet of regeneration (around neck)
 f - the ring "Qucrek" (left hand) {rPois rF+++ Will- rCorr}
   (You acquired it on level 8 of the Dungeon)

   [ring of resist corrosion]

   rF+++:     It renders you almost immune to fire.
   rPois:     It protects you from poison Will-: It decreases your willpower.
   rCorr:     It protects you from acid and corrosion.
 Y - a +4 ring of protection
Wands
 h - a wand of charming (12)
Scrolls
 q - 2 scrolls of teleportation
 r - a scroll of enchant armour
Potions
 i - a potion of enlightenment
 j - 3 potions of might
 l - 2 potions of magic
 m - a potion of haste
 n - 2 potions of curing
 o - a potion of resistance

Dungeon Overview and Level Annotations

Branches:
Dungeon (10/15)            Temple (1/1) D:6            Lair (3/5) D:9
 Spider (0/4) Lair:2        Sewer (visited)
  Swamp: Lair:2-3    Shoals: Lair:2-3       Orc: D:9-12

Altars:
Ashenzari
Dithmenos
Elyvilon
Fedhas
Gozag
Hepliaklqana
Kikubaaqudgha
Makhleb
Nemelex Xobeh
Okawaru
Qazlal
Ru
Sif Muna
Trog
Uskayaw
Vehumet
Wu Jian
Xom
Yredelemnul
Zin
The Shining One

Shops:
D:1 =   D:9 (

Annotations:
Lair:1 2 transporters
Lair:3 Josephine


Message History

A wraith comes into view.
Enter note:
7893 ||| RETREEEEATING.
The wraith attacks as it pursues you! The wraith hits you but does no damage.
You shoot a bolt. The bolt hits the wraith!!
You destroy the wraith!
Okawaru accepts your kill.
Enter note:
Enter note:
7895 ||| RETREEEEATING.
7896 ||| INVOKING Finesse.
You can now deal lightning-fast blows.
The wraith completely misses you.
You shoot a bolt. The bolt closely misses the wraith.
You shoot a bolt. The bolt barely misses the wraith.
The wraith hits you. The wraith drains your vigour!
You feel yourself slow down.
Josephine says, "How about some decapitation?"
You shoot a bolt. The bolt hits Josephine!!
Josephine is moderately wounded.
The wraith misses you. The wraith hits you!
Josephine hits you with a +0 dagger.
Enter note:
7900 ||| RETREEEEATING.
Josephine hits you with a +0 dagger! The wraith closely misses you.
7901 ||| READING 3 scrolls of teleportation.
As you read the scroll of teleportation, it crumbles to dust.
You feel strangely unstable. The wraith completely misses you.
The wraith hits you! The wraith drains your vigour!
You feel as though you will be slow longer.
Josephine completely misses you.
Enter note:
Enter note:
7902 ||| RETREEEEATING.
The wraith completely misses you. Josephine casts a spell at you.
The ghostly flame explodes!
The ghostly fireball engulfs the wraith.
The wraith completely resists.
The ghostly fireball engulfs you!
You feel drained.
You die...

#. .# .. .. .}. #. ...
.##.###. .P.#####. ...
....... ......... ...
..... ......... .....
.... ......... ...#.##..
......... ..#8.8#.####
......%....
.......@#..###....#P.#..
..#8.8#W....#.....####.#
...#..#W@...##....##....
........W...##....#.....
....#.......#.....##.%..
... #..............#....
. ..#.......##.....#....
...........##....#....#
...##.#..####....##.#[#


You could see Josephine and 3 wraiths.

Vanquished Creatures
  Fannar (D:10)
  2 wolf spiders (Lair:2)
  2 elephants (Lair:2)
  Joseph (D:9)
  8 cane toads
  A rime drake (Lair:1)
  Maggie (Lair:1)
  2 komodo dragons
  A troll (D:7)
  A polar bear (Lair:1)
  A hornet (D:9)
  Grinder (D:4)
  Prince Ribbit (D:7)
  5 blink frogs (Lair:1)
  A shadow (D:9)
  A wraith (Lair:3)
  4 wyverns
  36 yaks
  3 basilisks
  A steam dragon (D:5)
  Menkaure (D:6)
  11 water moccasins
  An orc warrior (D:8)
  A black bear (D:4)
  An ogre (D:4)
  6 wolves
  2 centaurs
  A crocodile (Sewer)
  2 phantoms
  Blork the orc (D:5)
  A gnoll sergeant (D:9)
  6 bullfrogs
  3 scorpions
  5 wights
  A burial acolyte (D:8)
  4 killer bees (D:9)
  A bombardier beetle (D:5)
  A hound (D:7)
  3 orc priests
  2 jellies
  A sleepcap (D:7)
  An iguana (D:5)
  Ijyb (D:3)
  4 hell rats (Lair:3)
  5 orc wizards
  A killer bee zombie (D:8)
  7 adders
  5 gnolls
  A river rat (Lair:3)
  A shadow imp (D:6)
  2 dart slugs
  23 orcs
  5 bats
  5 endoplasms
  2 giant cockroaches
  3 goblins
  7 hobgoblins
  6 jackals
  5 kobolds
  2 quokkas (D:1)
  9 ball pythons
  A frilled lizard (D:1)
  9 rats
234 creatures vanquished.

Vanquished Creatures (others)
  A human (D:8)
1 creature vanquished.

Grand Total: 235 creatures vanquished

Notes
Turn   | Place    | Note
-------+----------+-------------------------------------------
     0 | D:1      | qw the Spriggan Hunter began the quest for the Orb.
     0 | D:1      | Reached XP level 1. HP: 10/10 MP: 2/2
     0 | D:1      | 0 ||| qw: Version: 0.3-a-160-g6735b56
     0 | D:1      | 0 ||| qw: Game counter: 4662
     0 | D:1      | 0 ||| qw: Melee chars always use a shield: true
     0 | D:1      | 0 ||| qw: God list: Okawaru
     0 | D:1      | 0 ||| qw: Allow faded altars: false
     0 | D:1      | 0 ||| qw: Do Orc after clearing Dungeon:15 true
     0 | D:1      | 0 ||| qw: Do second Lair branch before Depths: true
     0 | D:1      | 0 ||| qw: Lair rune preference: random
     0 | D:1      | 0 ||| qw: Goals: Normal
     0 | D:1      | 0 ||| PLANNING D:1-11
    17 | D:1      | Reached skill level 3 in Dodging
    31 | D:1      | Found Emmek's One-of-a-Kind Rings.
    41 | D:1      | 41 ||| SHOPLISTING +2 ring of evasion (84 gold, have 14).
    41 | D:1      | 41 ||| SHOPLISTING +2 ring of protection (140 gold, have
                  | 14).
    41 | D:1      | 41 ||| SHOPLISTING +3 ring of strength (140 gold, have 14).
    41 | D:1      | 41 ||| SHOPLISTING +9 ring of dexterity (1092 gold, have
                  | 14).
    41 | D:1      | 41 ||| SHOPLISTING ring "Seron Fao" {rPois Will+ Int-4
                  | SInv} (448 gold, have 14).
    41 | D:1      | 41 ||| SHOPLISTING ring of Nifean {rF+ rCorr Dex+5} (623
                  | gold, have 14).
   102 | D:1      | Reached skill level 4 in Dodging
   102 | D:1      | Reached XP level 2. HP: 7/14 MP: 3/3
   242 | D:1      | Reached XP level 3. HP: 13/18 MP: 4/4
   699 | D:1      | 699 ||| UPGRADING to amulet of regeneration.
   704 | D:1      | 704 ||| UPGRADING to +5 ring of evasion.
   705 | D:1      | 705 ||| READING 2 scrolls labelled BIHYPHAUCK.
   705 | D:1      | 705 ||| IDENTIFYING blue potion
   706 | D:1      | 706 ||| READING scroll of identify.
   706 | D:1      | 706 ||| IDENTIFYING scroll labelled FARACAL QEDIBI
   707 | D:1      | 707 ||| DROPPING scroll of butterflies.
   708 | D:1      | 708 ||| DROPPING scroll of revelation.
  1313 | D:2      | 1313 ||| UPGRADING to +4 ring of protection.
  1314 | D:2      | 1314 ||| READING scroll labelled FEAFFA WOTTOARCH.
  1315 | D:2      | 1315 ||| READING scroll labelled SOTUQA KUCSYU.
  1319 | D:2      | 1319 ||| DRINKING 2 orange potions.
  1332 | D:3      | 1332 ||| PLANNING SEWER
  1415 | D:3      | Noticed Ijyb
  1429 | D:3      | Reached XP level 4. HP: 16/22 MP: 5/5
  1429 | D:3      | 1429 ||| DRINKING potion of curing.
  1429 | D:3      | 1429 ||| (to cure confusion)
  1432 | D:3      | HP: 5/22 [orc/+0 short sword (2)]
  1437 | D:3      | HP: 5/22 [orc/+0 short sword (4)]
  1439 | D:3      | Killed Ijyb
  1442 | D:3      | HP: 4/22 [orc wizard/+0 dagger (1)]
  1452 | D:3      | Reached skill level 5 in Dodging
  1498 | D:3      | Found a sacrificial altar of Ru.
  1585 | D:3      | Found a faded altar of an unknown god.
  1685 | D:3      | Found a glowing drain.
  1693 | D:3      | Reached XP level 5. HP: 26/26 MP: 6/6
  1695 | D:3      | 1695 ||| READING scroll of identify.
  1695 | D:3      | 1695 ||| IDENTIFYING brown potion
  1696 | D:3      | 1696 ||| READING scroll labelled VEGOJYOSUIJ.
  1696 | D:3      | 1696 ||| ENCHANTING +0 shortbow.
  1697 | D:3      | 1697 ||| READING scroll labelled PEAJOUV GIGE.
  1702 | Sewer    | Entered a sewer
  1766 | Sewer    | Noticed a crocodile
  1767 | Sewer    | 1767 ||| ZAPPING wand of flame (30) at -6,-3 (crocodile;
                  | floor).
  1768 | Sewer    | 1768 ||| ZAPPING wand of flame (29) at -5,-3 (crocodile;
                  | floor).
  1769 | Sewer    | 1769 ||| ZAPPING wand of flame (28) at -4,-3 (crocodile;
                  | shallow_water).
  1770 | Sewer    | 1770 ||| ZAPPING wand of flame (27) at -3,-2 (crocodile;
                  | floor).
  1771 | Sewer    | 1771 ||| ZAPPING wand of flame (26) at -2,-1 (crocodile;
                  | floor).
  1772 | Sewer    | 1772 ||| ZAPPING wand of flame (25) at -1,0 (crocodile;
                  | floor).
  1772 | Sewer    | Killed a crocodile
  1806 | Sewer    | 1806 ||| READING scroll labelled BUZAUSY KIRPHU.
  1807 | Sewer    | 1807 ||| READING scroll labelled NISMEZ XIPHA.
  1808 | Sewer    | 1808 ||| READING scroll labelled PEISHR HERHIV.
  1808 | Sewer    | 1808 ||| BRANDING +0 shortbow.
  1826 | D:3      | 1826 ||| PLANNING D:1-11
  2034 | D:4      | Noticed a phantom
  2039 | D:4      | Killed a phantom
  2040 | D:4      | Reached skill level 6 in Ranged Weapons
  2040 | D:4      | Reached XP level 6. HP: 30/30 MP: 7/7
  2141 | D:4      | Found a hazy altar of Hepliaklqana.
  2176 | D:4      | Reached skill level 6 in Dodging
  2239 | D:4      | Noticed Grinder
  2245 | D:4      | Paralysed by Grinder for 5 turns
  2253 | D:4      | Killed Grinder
  2254 | D:4      | Reached XP level 7. HP: 35/35 MP: 8/8
  2623 | D:4      | 2623 ||| DROPPING +4 ring of slaying {mikee}.
  2648 | D:5      | Entered Level 5 of the Dungeon
  2655 | D:5      | 2655 ||| FLEEEEING.
  2656 | D:5      | 2656 ||| FLEEEEING.
  2657 | D:5      | 2657 ||| STAIRDANCE
  2665 | D:5      | 2665 ||| STAIRDANCE
  2670 | D:4      | Reached skill level 7 in Dodging
  2729 | D:5      | Found a hide-covered altar of Uskayaw.
  2819 | D:5      | Found a glowing silver altar of Zin.
  2861 | D:5      | Noticed Blork the orc
  2872 | D:5      | Killed Blork the orc
  2873 | D:5      | Reached XP level 8. HP: 39/39 MP: 9/9
  2890 | D:5      | Found a shimmering blue altar of Sif Muna.
  2922 | D:5      | Reached skill level 3 in Fighting
  3012 | D:5      | Reached skill level 8 in Dodging
  3156 | D:5      | 3156 ||| READING scroll labelled DADWOA JOEB.
  3257 | D:5      | 3257 ||| READING scroll labelled ECOQARH KIEKEMM.
  3282 | D:6      | Found a staircase to the Ecumenical Temple.
  3283 | D:6      | 3283 ||| PLANNING TEMPLE
  3292 | Temple   | Entered the Ecumenical Temple
  3293 | Temple   | 3293 ||| PLANNING OKAWARU WORSHIP
  3297 | Temple   | Became a worshipper of Warmaster Okawaru
  3298 | Temple   | 3298 ||| PLANNING D:1-11
  3522 | D:6      | Noticed Menkaure
  3525 | D:6      | Killed Menkaure
  3526 | D:6      | Reached skill level 9 in Ranged Weapons
  3566 | D:6      | Found a glowing golden altar of the Shining One.
  3714 | D:6      | Found an ornate altar of the Wu Jian Council.
  3724 | D:6      | Reached skill level 9 in Dodging
  3764 | D:6      | 3764 ||| READING scroll of identify.
  3764 | D:6      | 3764 ||| IDENTIFYING red potion
  3765 | D:6      | 3765 ||| READING scroll labelled XISMOE DYENLU.
  3766 | D:6      | 3766 ||| DROPPING potion of berserk rage.
  3792 | D:7      | Reached * piety under Okawaru
  3856 | D:7      | Reached skill level 1 in Invocations
  3973 | D:7      | Noticed a troll
  3974 | D:7      | 3974 ||| INVOKING Heroism.
  3983 | D:7      | Killed a troll
  3984 | D:7      | Reached XP level 9. HP: 27/44 MP: 8/11
  4174 | D:7      | Noticed Prince Ribbit
  4180 | D:7      | Killed Prince Ribbit
  4181 | D:7      | Reached skill level 3 in Invocations
  4288 | D:7      | Found a shimmering altar of Xom.
  4679 | D:7      | 4679 ||| READING 2 scrolls of identify.
  4679 | D:7      | 4679 ||| IDENTIFYING fuming red potion
  4680 | D:7      | 4680 ||| READING scroll of identify.
  4680 | D:7      | 4680 ||| IDENTIFYING yellow potion
  4681 | D:7      | 4681 ||| DROPPING wand of flame (24).
  4707 | D:8      | 4707 ||| INVOKING Heroism.
  4710 | D:8      | 4710 ||| STAIRDANCE
  4916 | D:8      | Found an ancient bone altar of Kikubaaqudgha.
  5031 | D:8      | Reached skill level 10 in Dodging
  5235 | D:8      | 5235 ||| DRINKING 2 potions of curing.
  5235 | D:8      | 5235 ||| (to cure confusion)
  5283 | D:8      | 5283 ||| READING 2 scrolls of identify.
  5283 | D:8      | 5283 ||| IDENTIFYING bubbling golden potion
  5284 | D:8      | 5284 ||| READING scroll of identify.
  5284 | D:8      | 5284 ||| IDENTIFYING bubbling brown potion
  5285 | D:8      | 5285 ||| READING scroll labelled MOPRAU QIALOHE.
  5285 | D:8      | Identified a scroll of acquirement
  5285 | D:8      | 5285 ||| ACQUIRING ring "Qucrek" {rPois rF+++ Will- rCorr}
  5285 | D:8      | Acquired the ring "Qucrek" {rPois rF+++ Will- rCorr}
  5287 | D:8      | 5287 ||| UPGRADING to ring "Qucrek" {rPois rF+++ Will-
                  | rCorr}.
  5289 | D:8      | 5289 ||| UPGRADING to +5 ring of evasion.
  5291 | D:8      | 5291 ||| DROPPING potion of lignification.
  5317 | D:9      | Found Latau's Weapon Boutique.
  5326 | D:9      | 5326 ||| BUYING +2 arbalest of draining (341 gold).
  5326 | D:9      | Bought a +2 arbalest of draining for 341 gold pieces
  5326 | D:9      | 5326 ||| SWAPPING to +2 arbalest of draining.
  5327 | D:9      | 5327 ||| DROPPING +0 heavy shortbow.
  5328 | D:9      | 5328 ||| READING 2 scrolls of brand weapon.
  5328 | D:9      | 5328 ||| BRANDING +2 arbalest of draining.
  5329 | D:9      | 5329 ||| READING scroll of brand weapon.
  5329 | D:9      | 5329 ||| BRANDING +2 arbalest of freezing.
  5330 | D:9      | You fall into a shaft and drop 1 floor!
  5330 | D:10     | Entered Level 10 of the Dungeon
  5339 | D:10     | Noticed Fannar
  5340 | D:10     | 5340 ||| INVOKING Heroism.
  5347 | D:10     | Killed Fannar
  5347 | D:10     | Reached ** piety under Okawaru
  5411 | D:10     | Noticed a troll
  5412 | D:10     | 5412 ||| INVOKING Heroism.
  5428 | D:10     | 5428 ||| UPGRADING to +2 robe of cold resistance.
  5438 | D:10     | 5438 ||| DROPPING +0 robe.
  5447 | D:9      | 5447 ||| RETREEEEATING.
  5448 | D:9      | 5448 ||| RETREEEEATING.
  5449 | D:9      | 5449 ||| RETREEEEATING.
  5450 | D:9      | 5450 ||| RETREEEEATING.
  5451 | D:9      | 5451 ||| RETREEEEATING.
  5452 | D:9      | 5452 ||| RETREEEEATING.
  5453 | D:9      | 5453 ||| RETREEEEATING.
  5466 | D:9      | Reached skill level 11 in Dodging
  5466 | D:9      | Reached XP level 10. HP: 42/51 MP: 14/14
  5480 | D:9      | Reached *** piety under Okawaru
  5576 | D:9      | 5576 ||| RETREEEEATING.
  5577 | D:9      | 5577 ||| RETREEEEATING.
  5578 | D:9      | 5578 ||| RETREEEEATING.
  5579 | D:9      | 5579 ||| RETREEEEATING.
  5580 | D:9      | 5580 ||| RETREEEEATING.
  5581 | D:9      | 5581 ||| RETREEEEATING.
  5583 | D:9      | 5583 ||| RETREEEEATING.
  5587 | D:9      | 5587 ||| RETREEEEATING.
  5648 | D:9      | 5648 ||| RETREEEEATING.
  5649 | D:9      | 5649 ||| RETREEEEATING.
  5652 | D:9      | Reached skill level 12 in Dodging
  5653 | D:9      | 5653 ||| RETREEEEATING.
  5654 | D:9      | 5654 ||| RETREEEEATING.
  5655 | D:9      | 5655 ||| RETREEEEATING.
  5656 | D:9      | 5656 ||| RETREEEEATING.
  5691 | D:9      | Found a staircase to the Lair.
  5809 | D:9      | Reached **** piety under Okawaru
  5810 | D:9      | Reached skill level 12 in Ranged Weapons
  5941 | D:9      | Noticed Joseph
  5942 | D:9      | 5942 ||| INVOKING Finesse.
  5944 | D:9      | Killed Joseph
  6059 | D:9      | Found a burning altar of Makhleb.
  6059 | D:9      | Noticed an Executioner
  6062 | D:9      | Noticed an orange demon
  6063 | D:9      | 6063 ||| PLANNING LAIR
  6063 | D:9      | 6063 ||| READING 2 scrolls of identify.
  6063 | D:9      | 6063 ||| IDENTIFYING murky white potion
  6064 | D:9      | 6064 ||| READING scroll of identify.
  6064 | D:9      | 6064 ||| IDENTIFYING purple potion
  6065 | D:9      | 6065 ||| READING scroll labelled PARROATIAM.
  6065 | D:9      | 6065 ||| ENCHANTING +2 arbalest of flaming.
  6066 | D:9      | 6066 ||| READING scroll labelled YFFOLA UDWUGE.
  6067 | D:9      | 6067 ||| DROPPING potion of ambrosia.
  6068 | D:9      | 6068 ||| DROPPING potion of degeneration.
  6097 | Lair:1   | Entered Level 1 of the Lair of Beasts
  6135 | Lair:1   | Noticed a cane toad
  6136 | Lair:1   | 6136 ||| INVOKING Finesse.
  6139 | Lair:1   | Killed a cane toad
  6220 | Lair:1   | Reached skill level 13 in Dodging
  6269 | Lair:1   | 6269 ||| RETREEEEATING.
  6270 | Lair:1   | 6270 ||| RETREEEEATING.
  6271 | Lair:1   | 6271 ||| RETREEEEATING.
  6272 | Lair:1   | 6272 ||| RETREEEEATING.
  6274 | Lair:1   | 6274 ||| RETREEEEATING.
  6275 | Lair:1   | 6275 ||| RETREEEEATING.
  6276 | Lair:1   | 6276 ||| RETREEEEATING.
  6277 | Lair:1   | 6277 ||| RETREEEEATING.
  6278 | Lair:1   | 6278 ||| RETREEEEATING.
  6279 | Lair:1   | 6279 ||| RETREEEEATING.
  6280 | Lair:1   | 6280 ||| RETREEEEATING.
  6281 | Lair:1   | 6281 ||| RETREEEEATING.
  6282 | Lair:1   | 6282 ||| RETREEEEATING.
  6283 | Lair:1   | 6283 ||| RETREEEEATING.
  6284 | Lair:1   | 6284 ||| RETREEEEATING.
  6285 | Lair:1   | 6285 ||| RETREEEEATING.
  6286 | Lair:1   | 6286 ||| RETREEEEATING.
  6288 | Lair:1   | 6288 ||| RETREEEEATING.
  6289 | Lair:1   | 6289 ||| RETREEEEATING.
  6304 | Lair:1   | Reached XP level 11. HP: 47/56 MP: 15/15
  6422 | Lair:1   | 6422 ||| DRINKING potion of cancellation.
  6549 | Lair:1   | Reached ***** piety under Okawaru
  6613 | Lair:1   | Noticed Maggie
  6616 | Lair:1   | Killed Maggie
  6645 | Lair:1   | Reached skill level 6 in Invocations
  6802 | Lair:1   | Found a transporter.
  6804 | Lair:1   | Found a transporter.
  6804 | Lair:1   | Noticed a boulder beetle
  6804 | Lair:1   | Noticed a boulder beetle
  7006 | Lair:1   | 7006 ||| READING scroll of identify.
  7006 | Lair:1   | 7006 ||| IDENTIFYING silvery potion
  7007 | Lair:1   | 7007 ||| READING scroll labelled NUOLIT NOUTHAI.
  7032 | Lair:1   | 7032 ||| DROPPING potion of brilliance.
  7066 | Lair:2   | 7066 ||| STAIRDANCE
  7094 | Lair:2   | Received a gift from Okawaru
  7145 | Lair:2   | 7145 ||| RETREEEEATING.
  7150 | Lair:2   | 7150 ||| RETREEEEATING.
  7159 | Lair:2   | 7159 ||| RETREEEEATING.
  7163 | Lair:2   | 7163 ||| RETREEEEATING.
  7164 | Lair:2   | 7164 ||| RETREEEEATING.
  7165 | Lair:2   | 7165 ||| RETREEEEATING.
  7167 | Lair:2   | 7167 ||| RETREEEEATING.
  7168 | Lair:2   | 7168 ||| RETREEEEATING.
  7169 | Lair:2   | 7169 ||| RETREEEEATING.
  7270 | Lair:2   | 7270 ||| RETREEEEATING.
  7297 | Lair:2   | Reached skill level 14 in Dodging
  7309 | Lair:2   | 7309 ||| RETREEEEATING.
  7310 | Lair:2   | 7310 ||| RETREEEEATING.
  7311 | Lair:2   | 7311 ||| RETREEEEATING.
  7312 | Lair:2   | 7312 ||| INVOKING Finesse.
  7323 | Lair:2   | 7323 ||| RETREEEEATING.
  7331 | Lair:2   | 7331 ||| RETREEEEATING.
  7356 | Lair:2   | Reached XP level 12. HP: 60/60 MP: 17/19
  7515 | Lair:2   | 7515 ||| INVOKING Finesse.
  7526 | Lair:2   | 7526 ||| FLEEEEING.
  7563 | Lair:2   | Reached skill level 9 in Invocations
  7574 | Lair:2   | Found a hole to the Spider Nest.
  7665 | Lair:2   | 7665 ||| RETREEEEATING.
  7669 | Lair:2   | 7669 ||| RETREEEEATING.
  7676 | Lair:2   | 7676 ||| RETREEEEATING.
  7677 | Lair:2   | 7677 ||| RETREEEEATING.
  7683 | Lair:2   | Reached ****** piety under Okawaru
  7689 | Lair:2   | 7689 ||| INVOKING Receive Weapon.
  7689 | Lair:2   | 7689 ||| ACQUIRING +5 arbalest of Siecuff {drain, rPois}
  7689 | Lair:2   | Acquired the +5 arbalest of Siecuff {drain, rPois}
  7689 | Lair:2   | Received a gift from Okawaru
  7690 | Lair:2   | 7690 ||| INVOKING Receive Armour.
  7690 | Lair:2   | 7690 ||| ACQUIRING +1 hat
  7690 | Lair:2   | Acquired a +1 hat
  7690 | Lair:2   | Received a gift from Okawaru
  7692 | Lair:2   | 7692 ||| SWAPPING to +5 arbalest of Siecuff {drain, rPois}.
  7802 | Lair:2   | 7802 ||| UPGRADING to +1 hat.
  7807 | Lair:2   | 7807 ||| READING 2 scrolls of enchant armour.
  7807 | Lair:2   | 7807 ||| ENCHANTING +1 hat.
  7808 | Lair:2   | 7808 ||| READING scroll of identify.
  7808 | Lair:2   | 7808 ||| IDENTIFYING ruby potion
  7883 | Lair:3   | Noticed Josephine
  7890 | Lair:3   | 7890 ||| RETREEEEATING.
  7891 | Lair:3   | 7891 ||| RETREEEEATING.
  7892 | Lair:3   | 7892 ||| RETREEEEATING.
  7893 | Lair:3   | 7893 ||| RETREEEEATING.
  7895 | Lair:3   | 7895 ||| RETREEEEATING.
  7896 | Lair:3   | 7896 ||| INVOKING Finesse.
  7900 | Lair:3   | 7900 ||| RETREEEEATING.
  7900 | Lair:3   | HP: 13/57 [Josephine/+0 dagger (9)]
  7901 | Lair:3   | 7901 ||| READING 3 scrolls of teleportation.
  7902 | Lair:3   | 7902 ||| RETREEEEATING.
  7902 | Lair:3   | Killed from afar by Josephine

Levels and vault maps discovered:
D:1:      minmay_arrival_four_circles, layout_loops_ring,
          nicolae_shop_unique_rings
D:2:      layout_loops_ring, kennysheep_generic_room_12
D:3:      layout_rooms, mainiacjoe_overflow_catwalk, portal_sewer_entry_e,
          serial_glass, glass_columns_a, glass_columns_b, glass_columns_b,
          glass_columns_a, glass_columns_b, glass_columns_b,
          minmay_strange_pillars, minmay_strange_pillars, due_unseen_surprise,
          basic_ecumenical_altar, uniq_ijyb
D:4:      layout_basic, old_standard_altar, uniq_grinder
D:5:      layout_basic, mainiacjoe_overflow_24_doors, zin_academy,
          lemuel_crystal_altar, uniq_blork_the_orc
D:6:      layout_basic, mainiacjoe_overflow_small_starburst,
          lemuel_doored_altar, minmay_temple_entry_antechambers, uniq_menkaure
D:7:      layout_layer_cave, xom_teletrap_fun, uniq_prince_ribbit1
D:8:      layout_gridville, tgw_kikubaaqudgha, item_on_display_a
D:9:      layout_cave_pools, makhleb_altar_promises_db, minmay_lair_entry_grove,
          serial_shops, nicolae_shop_gibbet_a_chance, uniq_joseph
D:10:     layout_rooms, nicolae_overflow_hidden_temple, special_room
          [special_room_orc], uniq_fannar
Temple:   hellmonk_temple_of_storms
Lair:1:   gammafunk_boulding_lane, layout_hall_layers, grunt_megastairs_2,
          lemuel_fruit_fields, uniq_maggie
Lair:2:   layout_misc_corridors, spider_nest_entry_rubble, beast_lair_carwin_9
Lair:3:   layout_regular_city, nicolae_shoals_entry_flooding,
          small_statue_intersection, eino_house_with_fridge, uniq_josephine

Skill      XL: |  1  2  3  4  5  6  7  8  9 10 11 12 |
---------------+-------------------------------------+-----
Dodging        | 4 5 6 7 9 11 13 14 | 14.0
Ranged Weapons | 5 6 7 8 9 10 12 13 | 13.8
Fighting       | 2 3 5 |  5.3
Invocations    | 2 4 8 9 |  9.6
Stealth        | |  1.5

Action                     |  1- 3 |  4- 6 |  7- 9 | 10-12 || total
---------------------------+-------+-------+-------+-------++-------
   Fire: Shortbow          |    96 |    98 |   200 |       ||   394
         Arbalest          |       |       |    23 |   378 ||   401
 Invoke: Heroism           |       |       |     4 |       ||     4
         Finesse           |       |       |       |     5 ||     5
         Receive Weapon    |       |       |       |     1 ||     1
         Receive Armour    |       |       |       |     1 ||     1
  Evoke: Wand              |       |     6 |       |       ||     6
    Use: Scroll            |     4 |     6 |    11 |     9 ||    30
         Potion            |     1 |     1 |     1 |     1 ||     4
 Armour: Robe              |    12 |    30 |    23 |    53 ||   118
  Dodge: Dodged            |    34 |    90 |   145 |   320 ||   589

Table legend:
 A = Non-vault XP
 B = Vault XP
 C = Vault XP percentage of total XP
 D = Non-vault monster count
 E = Vault monster count
 F = Vault count percentage of total count
                 A         B        C        D         E       F
            +---------+---------+-------+---------+---------+-------
      Total |   18249 |    8072 |  30.7 |     187 |      47 |  20.1
            +---------+---------+-------+---------+---------+-------
        D:1 |      60 |       0 |   0.0 |      21 |       0 |   0.0
        D:2 |      30 |       0 |   0.0 |      10 |       0 |   0.0
        D:3 |      52 |      68 |  56.7 |      10 |       9 |  47.4
        D:4 |     467 |     277 |  37.2 |      16 |       1 |   5.9
        D:5 |     528 |      96 |  15.4 |      16 |       1 |   5.9
        D:6 |     512 |     169 |  24.8 |      11 |       1 |   8.3
        D:7 |     676 |     274 |  28.8 |      11 |       1 |   8.3
        D:8 |     580 |      95 |  14.1 |      13 |       2 |  13.3
        D:9 |    2316 |    2265 |  49.4 |      18 |      11 |  37.9
       D:10 |     115 |     878 |  88.4 |       1 |       1 |  50.0
     Lair:1 |    4673 |     889 |  16.0 |      21 |       3 |  12.5
     Lair:2 |    6837 |    2711 |  28.4 |      29 |       8 |  21.6
     Lair:3 |    1403 |     227 |  13.9 |      10 |       2 |  16.7
      Sewer |       0 |     123 | 100.0 |       0 |       7 | 100.0
            +---------+---------+-------+---------+---------+-------
